 Dungeon Crawl Stone Soup version 0.30-a0-918-g0ff054e9dc (webtiles) character file.

Game seed: 3025422700468279625

3244 cforsyth the Shield-Bearer (level 10, -1/79 HPs)
             Began as a Human Fighter on Mar 20, 2023.
             Was a Believer of Okawaru.
             Slain by Duvessa
             ... wielding a +2 short sword of venom
              (11 damage)
             ... on level 6 of the Dungeon.
             The game lasted 00:19:36 (11275 turns).

cforsyth the Shield-Bearer (Human Fighter)         Turns: 11275, Time: 00:19:37

Health: -1/79      AC: 12    Str: 20    XL:     10   Next: 18%
Magic:  13/13      EV:  8    Int:  8    God:    Okawaru [**....]
Gold:   314        SH: 10    Dex: 14    Spells: 9/9 levels left

rFire   + + .      SeeInvis .    a - +0 flail
rCold   + + .      Faith    .    H - +0 kite shield
rNeg    . . .      Spirit   .    w - +1 scale mail {rC+}
rPois   +          Reflect  .    r - +0 helmet
rElec   .          Rampage  .    s - scarf {rC+ rF+}
rCorr   .                        l - +0 pair of gloves
Will    .....                    y - +0 pair of boots Stlth
                                 (no amulet)
HPRegen 0.33/turn                k - ring of poison resistance
MPRegen 0.13/turn                d - ring of protection from fire

@: lethally poisoned (-1 -> -6)
A: no striking features
a: Renounce Religion, Heroism


You were on level 6 of the Dungeon.
You worshipped Okawaru.
Okawaru was pleased with you.
You visited 2 branches of the dungeon, and saw 8 of its levels.

You collected 314 gold pieces.

Inventory:

Hand Weapons
 a - a +0 flail (weapon)
Missiles
 f - 11 throwing nets (quivered)
Armour
 b - a +0 scale mail
 c - a +0 buckler
 l - a +0 pair of gloves (worn)
 r - a +0 helmet (worn)
 s - a scarf of resistance (worn)
 w - a +1 scale mail of cold resistance (worn)
 y - a +0 pair of boots (worn)
 H - a +0 kite shield (worn)
Jewellery
 d - a ring of protection from fire (right hand)
 k - a ring of poison resistance (left hand)
 x - a ring of protection from fire
 A - a ring of protection from fire
Wands
 o - a wand of digging (9)
 v - a wand of flame (26)
 B - a wand of charming (11)
 F - a wand of light (4)
 G - a wand of roots (6)
Scrolls
 e - 4 scrolls of fear {unknown}
 g - a scroll of brand weapon {unknown}
 i - 2 scrolls of vulnerability
 m - a scroll of enchant weapon {unknown}
 n - 2 scrolls of immolation {unknown}
 p - 2 scrolls of fog {unknown}
 t - a scroll of silence {unknown}
Potions
 h - 6 potions of brilliance
 j - a potion of mutation
 q - a potion of resistance
 u - a potion of flight
 z - a potion of invisibility


   Skills:
 + Level 7.2 Fighting
 + Level 6.8 Maces & Flails
 + Level 7.2 Armour
 + Level 7.2 Shields
 + Level 4.2 Invocations


You had 9 spell levels left.
You didn't know any spells.
Your spell library contained the following spells:

 Spells                   Type           Power      Damage    Failure   Level
 Magic Dart               Conj           0%         1d3       96%         1
 Cigotuvi's Dreadful Rot  Necr/Pois/Air  0%         N/A       99%         2
 Mephitic Cloud           Conj/Pois/Air  0%         N/A       100%        3
 Ozocubu's Armour         Ice            0%         N/A       100%        3
 Vhi's Electric Charge    Tloc/Air       0%         N/A       100%        3
 Dispel Undead            Necr           0%         3d6       100%        4
 Arcjolt                  Conj/Air       0%         1d10      100%        5
 Ozocubu's Refrigeration  Ice            0%         4d7       100%        7
 Maxwell's Capacitive Co  Air            0%         ∞         100%        8
 Call Imp                 Summ           Unusable   N/A       N/A         2
 Death Channel            Necr           Unusable   N/A       N/A         6

Dungeon Overview and Level Annotations

Branches:
Dungeon (7/15)             Temple (1/1) D:6

Altars:
Ashenzari
Cheibriados
Elyvilon
Nemelex Xobeh
Okawaru
Ru
Xom
Zin
The Shining One

Shops:
D:5 (   D:7 [!

Annotations:
D:6 Duvessa


Message History

Dowan is almost dead.
Duvessa hits you with a +2 short sword of venom.
You are poisoned.
Dowan closely misses you.
Duvessa hits you with a +2 short sword of venom.
You are more poisoned.
As you read the scroll of teleportation, it crumbles to dust.
You feel strangely unstable.
You feel very sick. You block Dowan's attack. You block Duvessa's attack.
It was a potion of attraction.
You feel attractive to monsters.
You feel very sick. Dowan closely misses you.
Duvessa hits you with a +2 short sword of venom.
You are more poisoned.
You hit Dowan.
Dowan is almost dead.
* * * LOW HITPOINT WARNING * * *
You feel very sick. You block Dowan's attack.
Duvessa says, "Did you see that move?
Perfect!"
You block Duvessa's attack. Dowan hits you but does no damage.
It was a potion of cancellation.
You feel strangely stable.
Your magical effects are unravelling.
You feel magically purged.
You feel very sick. You block Duvessa's attack. You block Dowan's attack.
You feel less attractive to monsters.
You hit Dowan.
You kill Dowan!
Okawaru accepts your kill.
Duvessa screams in rage.
Duvessa goes berserk!
You feel very sick. Duvessa closely misses you.
Duvessa hits you but does no damage.
You feel sick.
Duvessa hits you with a +2 short sword of venom!
You die...

######### ######### #.......#
#>@.....########## #.......#
#e......#..#.....# #.......#
#.......#..#.....#
#.......#######.......'..'.....#
#####.................##'##....#
....#..............)......#....#
....'..........#######....#....#
....#..........[[....#....###'##
#####..........#..>..#....'....#


You could see Duvessa (berserk).

Vanquished Creatures
  Menkaure (D:6)
  A water moccasin (D:6)
  3 ice beasts
  3 sky beasts (D:7)
  An ogre (D:6)
  3 gnoll sergeants (D:7)
  5 scorpions
  3 wights (D:6)
  Dowan (D:6)
  4 killer bees (D:7)
  A howler monkey (D:3)
  2 orc priests
  2 jellies
  11 hounds
  2 gnoll boudas (D:7)
  5 iguanas
  A sleepcap (D:4)
  11 orc wizards
  Terence (D:3)
  Robin (D:2)
  9 adders
  34 gnolls
  A shadow imp (D:7)
  An ufetubus (D:6)
  2 worms
  A dart slug (D:3)
  21 orcs
  2 ball pythons
  5 bats
  6 endoplasms
  5 giant cockroaches
  13 goblins
  4 hobgoblins
  3 jackals
  4 quokkas
  A frilled lizard (D:1)
  6 kobolds
  3 rats
183 creatures vanquished.

Notes
Turn   | Place    | Note
-------+----------+-------------------------------------------
     0 | D:1      | cforsyth the Human Fighter began the quest for the Orb.
     0 | D:1      | Reached XP level 1. HP: 18/18 MP: 1/1
    77 | D:1      | Reached XP level 2. HP: 24/24 MP: 2/2
   700 | D:2      | Reached XP level 3. HP: 29/29 MP: 3/3
   764 | D:2      | Found a faded altar of an unknown god.
  1005 | D:2      | Reached XP level 4. HP: 35/35 MP: 4/4
  1275 | D:2      | Noticed Robin
  1291 | D:2      | Killed Robin
  1653 | D:3      | Noticed an ice beast
  1661 | D:3      | Killed an ice beast
  1662 | D:3      | Reached XP level 5. HP: 32/42 MP: 5/5
  1669 | D:3      | Reached XP level 6. HP: 24/48 MP: 6/6
  2478 | D:3      | Noticed Terence
  2490 | D:3      | Killed Terence
  2914 | D:4      | Reached XP level 7. HP: 54/55 MP: 7/7
  4080 | D:5      | Entered Level 5 of the Dungeon
  4492 | D:5      | Reached skill level 5 in Shields
  4512 | D:5      | Reached skill level 5 in Fighting
  4512 | D:5      | Reached skill level 5 in Armour
  4539 | D:5      | Reached XP level 8. HP: 45/62 MP: 8/8
  4964 | D:5      | Found Cioxteis's Weapon Shoppe.
  5718 | D:6      | Reached skill level 5 in Maces & Flails
  5812 | D:6      | Found a staircase to the Ecumenical Temple.
  5820 | Temple   | Entered the Ecumenical Temple
  5865 | Temple   | Became a worshipper of Warmaster Okawaru
  6413 | D:6      | Found a glowing golden altar of the Shining One.
  6892 | D:6      | Found a broken altar of Ashenzari.
  7162 | D:7      | Found Ythar's Armour Shoppe.
  7243 | D:7      | Found Sysk's Distillery.
  7282 | D:7      | Reached skill level 1 in Invocations
  7282 | D:7      | Reached XP level 9. HP: 69/69 MP: 9/9
  7787 | D:7      | HP: 1/69 [killer bee (8)]
  7791 | D:7      | Reached * piety under Okawaru
  7798 | D:7      | HP: 4/103 [killer bee (6)]
  9362 | D:7      | Noticed Dowan
  9365 | D:7      | Noticed Duvessa
  9868 | D:7      | Reached ** piety under Okawaru
  9869 | D:7      | Reached XP level 10. HP: 67/77 MP: 12/12
 10631 | D:7      | Noticed Menkaure
 10969 | D:6      | Killed Menkaure
 11274 | D:6      | Killed Dowan
 11275 | D:6      | Slain by Duvessa

Illustrated notes

Levels and vault maps discovered:
D:1:      lemuel_arrival_cross, layout_basic
D:2:      layout_loops_ring, dreamdust_ecumenical_altar_angels_and_demons,
          uniq_robin
D:3:      minmay_inner_zag, layout_loops_ring, uniq_terence
D:4:      layout_cave_pods, chequers_serial_rivers_large_b, nrook_mini_backslash
D:5:      layout_loops_corners, serial_shops, nicolae_take_the_stairs
D:6:      layout_gridville, minitemple, minmay_temple_entry_statues_pillars,
          kennysheep_small_circle
D:7:      layout_cave_pools, serial_gnoll_camp, gnoll_camp_huts_moat,
          gnoll_camp_medium_01, gnoll_camp_mini_shop, gnoll_camp_mini_shop,
          gnoll_camp_mini_loothouse, minmay_a_box_with_orc_wizards_in_it,
          uniq_duvessa, uniq_menkaure
Temple:   minmay_crystal_spiral_temple

Skill      XL: |  1  2  3  4  5  6  7  8  9 10 |
---------------+-------------------------------+-----
Maces & Flails | 3 4 5 6 |  6.8
Armour         | 4 5 6 7 |  7.2
Shields        | 4 5 6 7 |  7.2
Fighting       | 4 5 6 7 |  7.2
Invocations    | 1 3 4 |  4.2

Action                     |  1- 3 |  4- 6 |  7- 9 | 10-12 || total
---------------------------+-------+-------+-------+-------++-------
  Melee: Flail             |    69 |   184 |   615 |   139 ||  1007
    Use: Potion            |       |     1 |     5 |     2 ||     8
         Scroll            |       |       |    12 |     1 ||    13
 Armour: Scale mail        |    38 |    93 |   370 |   105 ||   606
         Skin              |       |       |    26 |       ||    26
  Dodge: Dodged            |    27 |    86 |   311 |    51 ||   475
  Block: Buckler           |    15 |    38 |   203 |    35 ||   291
         Kite shield       |       |       |       |    51 ||    51

Table legend: (Time is in decaauts)
 A = Elapsed time spent in this place.
 B = Non-inter-level travel time spent in this place.
 C = Inter-level travel time spent in this place.
 D = Time resting spent in this place.
 E = Time spent auto-exploring this place.
 F = Levels seen in this place.
 G = Mean time per level.
                   A        B        C        D        E       F      G
               +--------+--------+--------+--------+--------+-----+--------+
         Total |  11527 |  10989 |    538 |   2616 |   5811 |   8 | 1440.9 |
       Dungeon |  11451 |  10944 |    507 |   2616 |   5773 |   7 | 1635.9 |
        Temple |     76 |     45 |     31 |      0 |     38 |   1 |   76.0 |
               +--------+--------+--------+--------+--------+-----+--------+

Top non-repeatable levels by time:
     D:7: 2937 daAuts
     D:6: 2922 daAuts
     D:3: 1586 daAuts
     D:4: 1354 daAuts
     D:5: 1085 daAuts
     D:2: 882 daAuts
     D:1: 682 daAuts
  Temple: 76 daAuts
